 Dungeon Crawl Stone Soup version 0.31-a0-180-g519b7de00c (webtiles) character file.

Game seed: 12827849612157153768

351 qw the Shooter (level 6, -3/57 HPs)
             Began as a Naga Hunter on June 19, 2023.
             Slain by Edmund
             ... wielding a +3 heavy flail
              (15 damage)
             ... on level 4 of the Dungeon.
             The game lasted 00:01:07 (3077 turns).

qw the Shooter (Naga Hunter)                        Turns: 3077, Time: 00:01:08

Health: -3/57      AC:  3    Str: 13    XL:     6   Next: 61%
Magic:  6/6        EV:  9    Int: 10    God:
Gold:   186        SH:  0    Dex: 16    Spells: 5/5 levels left

rFire   . . .        Y - +0 shortbow
rCold   . . .        (shield currently unavailable)
rNeg    . . .        c - +0 leather armour
rPois   +            (no helmet)
rElec   .            (no cloak)
rCorr   .            (no gloves)
SInv    +            (no barding)
Will    .....        a - amulet of the acrobat
Stlth   ++           (no ring)
HPRegen 0.29/turn    (no ring)
MPRegen 0.10/turn

%: acrobat
@: short of breath, very slow
A: AC +2, large, see invisible, deformed body, poison resistance, slowness 2,
spit poison 1, naga tail 1
a: Spit Poison


You were on level 4 of the Dungeon.
You visited 1 branch of the dungeon, and saw 4 of its levels.

You collected 186 gold pieces.


Innate Abilities, Weirdness & Mutations

Your serpentine skin is tough. (AC +2)
You have supernaturally acute eyesight. (SInv)
Armour fits poorly on your strangely shaped body.
Your system is resistant to poisons. (rPois)
You cover ground very slowly.
You can spit poison.
You have a snake-like lower body.


   Skills:
 - Level 4.0 Fighting
 + Level 6.2 Ranged Weapons
 - Level 1.5 Dodging
 - Level 1.5 Stealth


You had 5 spell levels left.
You didn't know any spells.
Your spell library was empty.

Inventory:

Hand Weapons
 Y - a +0 shortbow (weapon)
Armour
 c - a +0 leather armour (worn)
Jewellery
 a - an amulet of the acrobat (around neck)
Scrolls
 g - a scroll of identify
Potions
 b - a potion of mutation
 e - a potion of resistance {unknown}
 f - 2 potions of enlightenment
 h - a potion of lignification {unknown}
 i - a potion of might {unknown}

Dungeon Overview and Level Annotations

Branches:
Dungeon (4/15)
 Temple: D:4-7

Altars:

Annotations:
D:4 Edmund


Message History

The arrow hits Edmund.
Edmund is heavily wounded.
You hear a shout!
A kobold comes into view. It is wielding a +0 dagger.
A gnoll comes into view. It is wielding a +0 club.
You shoot an arrow. The arrow barely misses Edmund.
You have got your breath back.
Edmund hits you with a +3 heavy flail!
3071 ||| INVOKING Spit Poison.
Aiming: Spit Poison (1% risk of failure)
Press: ? - help, Shift-Dir - straight line, f/p - Edmund The splash of poison misses Edmund.
You shoot an arrow. The arrow hits Edmund!
Edmund is severely wounded.
Edmund barely misses you.
You shoot an arrow. The arrow closely misses Edmund.
The arrow hits the gnoll but does no damage.
The gnoll closely misses you. Edmund hits you with a +3 heavy flail!
You shoot an arrow. The arrow hits Edmund.
Edmund is severely wounded.
The gnoll barely misses you. Edmund hits you but does no damage.
You shoot an arrow.
The arrow hits Edmund but does no damage.
Edmund is severely wounded.
The gnoll hits you from afar with a +0 spear.
The kobold hits you but does no damage.
You shoot an arrow. The arrow barely misses Edmund.
You have got your breath back.
Edmund hits you with a +3 heavy flail!
The gnoll hits you from afar with a +0 spear.
The kobold hits you but does no damage.
3077 ||| INVOKING Spit Poison.
Aiming: Spit Poison (1% risk of failure)
Press: ? - help, Shift-Dir - straight line, f/p - Edmund The splash of poison hits Edmund.
Edmund is severely wounded.
A gnoll comes into view. It is wielding a +0 whip.
The gnoll barely misses you. The gnoll hits you with a +0 club.
The kobold closely misses you. Edmund hits you with a +3 heavy flail!
You die...

##......7~
########.......~7
.....##..#....P7~
#............~
#.....#.....P.
#########....##.......
##.....#......####.....
##.......<.....##
#.#.#.
......g@........#
#...##
......@K........# #####
..)...g............
................###
...>............#
...............##
g.......#.....##
.......##.#####


You could see Edmund, 3 gnolls and a kobold.

Vanquished Creatures
  A phantom (D:4)
  A hound (D:4)
  An orc priest (D:4)
  An orc wizard (D:3)
  11 adders
  An ufetubus (D:4)
  2 worms
  2 dart slugs (D:4)
  6 orcs
  5 bats
  3 endoplasms
  5 giant cockroaches
  7 goblins
  8 hobgoblins
  2 jackals (D:1)
  A quokka (D:1)
  4 ball pythons
  6 frilled lizards
  4 kobolds
  8 rats
  A spectral kobold (D:1)
80 creatures vanquished.

Notes
Turn   | Place    | Note
-------+----------+-------------------------------------------
     0 | D:1      | qw the Naga Hunter began the quest for the Orb.
     0 | D:1      | Reached XP level 1. HP: 19/19 MP: 1/1
     0 | D:1      | 0 ||| qw: Version: 0.3-a-7-ge0c9b40
     0 | D:1      | 0 ||| qw: Game counter: 1032
     0 | D:1      | 0 ||| qw: Always use a shield: true
     0 | D:1      | 0 ||| qw: God list: Okawaru
     0 | D:1      | 0 ||| qw: Allow faded altars: false
     0 | D:1      | 0 ||| qw: Do Orc after D:15 true
     0 | D:1      | 0 ||| qw: Do second Lair branch before Depths: true
     0 | D:1      | 0 ||| qw: Lair rune preference: random
     0 | D:1      | 0 ||| qw: Plans: Normal
     0 | D:1      | 0 ||| PLANNING D:1-11
    10 | D:1      | 10 ||| INVOKING Spit Poison.
    13 | D:1      | 13 ||| INVOKING Spit Poison.
    84 | D:1      | 84 ||| INVOKING Spit Poison.
    87 | D:1      | 87 ||| INVOKING Spit Poison.
    92 | D:1      | 92 ||| INVOKING Spit Poison.
   148 | D:1      | 148 ||| INVOKING Spit Poison.
   180 | D:1      | 180 ||| INVOKING Spit Poison.
   217 | D:1      | Reached skill level 4 in Ranged Weapons
   217 | D:1      | Reached XP level 2. HP: 26/26 MP: 2/2
   232 | D:1      | 232 ||| INVOKING Spit Poison.
   268 | D:1      | 268 ||| INVOKING Spit Poison.
   336 | D:1      | 336 ||| INVOKING Spit Poison.
   391 | D:1      | 391 ||| INVOKING Spit Poison.
   446 | D:1      | 446 ||| INVOKING Spit Poison.
   451 | D:1      | 451 ||| INVOKING Spit Poison.
   611 | D:1      | 611 ||| INVOKING Spit Poison.
   694 | D:1      | Found a faded altar of an unknown god.
   699 | D:1      | 699 ||| INVOKING Spit Poison.
   718 | D:1      | 718 ||| INVOKING Spit Poison.
   721 | D:1      | 721 ||| INVOKING Spit Poison.
   722 | D:1      | Reached XP level 3. HP: 32/32 MP: 3/3
   887 | D:1      | 887 ||| INVOKING Spit Poison.
   895 | D:1      | 895 ||| READING 2 scrolls labelled AMOROL AGGE.
   896 | D:1      | 896 ||| READING 2 scrolls labelled POUMU JOAP.
   897 | D:1      | 897 ||| DRINKING 2 metallic brown potions.
   898 | D:1      | 898 ||| DROPPING scroll of blinking.
   899 | D:1      | 899 ||| DROPPING scroll of butterflies.
  1036 | D:2      | 1036 ||| INVOKING Spit Poison.
  1060 | D:2      | 1060 ||| INVOKING Spit Poison.
  1087 | D:2      | 1087 ||| INVOKING Spit Poison.
  1185 | D:2      | 1185 ||| INVOKING Spit Poison.
  1190 | D:2      | 1190 ||| INVOKING Spit Poison.
  1278 | D:2      | 1278 ||| INVOKING Spit Poison.
  1460 | D:2      | 1460 ||| INVOKING Spit Poison.
  1488 | D:2      | 1488 ||| INVOKING Spit Poison.
  1540 | D:2      | 1540 ||| INVOKING Spit Poison.
  1543 | D:2      | 1543 ||| INVOKING Spit Poison.
  1549 | D:2      | 1549 ||| INVOKING Spit Poison.
  1550 | D:2      | Reached skill level 5 in Ranged Weapons
  1564 | D:2      | 1564 ||| INVOKING Spit Poison.
  1565 | D:2      | Reached XP level 4. HP: 39/39 MP: 4/4
  1588 | D:2      | 1588 ||| INVOKING Spit Poison.
  1631 | D:2      | 1631 ||| INVOKING Spit Poison.
  1635 | D:2      | 1635 ||| INVOKING Spit Poison.
  1647 | D:2      | 1647 ||| INVOKING Spit Poison.
  1668 | D:2      | 1668 ||| INVOKING Spit Poison.
  1671 | D:2      | 1671 ||| INVOKING Spit Poison.
  1760 | D:2      | 1760 ||| UPGRADING to amulet of the acrobat.
  1765 | D:2      | 1765 ||| READING 3 scrolls of identify.
  1765 | D:2      | 1765 ||| IDENTIFYING ruby potion
  1766 | D:2      | 1766 ||| READING 2 scrolls of identify.
  1766 | D:2      | 1766 ||| IDENTIFYING murky purple potion
  1767 | D:2      | 1767 ||| DROPPING potion of degeneration.
  1799 | D:3      | 1799 ||| INVOKING Spit Poison.
  1827 | D:3      | 1827 ||| INVOKING Spit Poison.
  1834 | D:3      | 1834 ||| INVOKING Spit Poison.
  1843 | D:3      | 1843 ||| INVOKING Spit Poison.
  1846 | D:3      | 1846 ||| INVOKING Spit Poison.
  1851 | D:3      | 1851 ||| INVOKING Spit Poison.
  1854 | D:3      | Reached skill level 3 in Fighting
  1856 | D:3      | 1856 ||| INVOKING Spit Poison.
  1900 | D:3      | 1900 ||| INVOKING Spit Poison.
  1905 | D:3      | 1905 ||| INVOKING Spit Poison.
  1906 | D:3      | 1906 ||| INVOKING Spit Poison.
  1912 | D:3      | 1912 ||| INVOKING Spit Poison.
  1914 | D:3      | Reached XP level 5. HP: 49/49 MP: 5/5
  1924 | D:3      | 1924 ||| INVOKING Spit Poison.
  1929 | D:3      | 1929 ||| INVOKING Spit Poison.
  1936 | D:3      | 1936 ||| INVOKING Spit Poison.
  1940 | D:3      | 1940 ||| INVOKING Spit Poison.
  2053 | D:3      | 2053 ||| INVOKING Spit Poison.
  2109 | D:3      | 2109 ||| INVOKING Spit Poison.
  2113 | D:3      | 2113 ||| INVOKING Spit Poison.
  2292 | D:3      | 2292 ||| INVOKING Spit Poison.
  2322 | D:3      | 2322 ||| INVOKING Spit Poison.
  2456 | D:3      | 2456 ||| INVOKING Spit Poison.
  2548 | D:3      | 2548 ||| DROPPING amulet of guardian spirit.
  2549 | D:3      | 2549 ||| READING scroll labelled ISIZXAA OTOQA.
  2550 | D:3      | 2550 ||| READING scroll labelled QIS EMUXORAHIS.
  2565 | D:4      | 2565 ||| INVOKING Spit Poison.
  2570 | D:4      | 2570 ||| STAIRDANCE
  2600 | D:4      | 2600 ||| INVOKING Spit Poison.
  2601 | D:4      | 2601 ||| STAIRDANCE
  2605 | D:3      | 2605 ||| INVOKING Spit Poison.
  2610 | D:3      | 2610 ||| INVOKING Spit Poison.
  2725 | D:4      | 2725 ||| INVOKING Spit Poison.
  2727 | D:4      | Reached skill level 6 in Ranged Weapons
  2732 | D:4      | 2732 ||| INVOKING Spit Poison.
  2736 | D:4      | Reached XP level 6. HP: 55/56 MP: 6/6
  2736 | D:4      | 2736 ||| INVOKING Spit Poison.
  2740 | D:4      | 2740 ||| INVOKING Spit Poison.
  2759 | D:4      | 2759 ||| FLEEEEING.
  2760 | D:4      | 2760 ||| STAIRDANCE
  2788 | D:4      | 2788 ||| INVOKING Spit Poison.
  2815 | D:4      | 2815 ||| INVOKING Spit Poison.
  3004 | D:4      | 3004 ||| INVOKING Spit Poison.
  3007 | D:4      | 3007 ||| INVOKING Spit Poison.
  3064 | D:4      | Noticed Edmund
  3067 | D:4      | 3067 ||| INVOKING Spit Poison.
  3071 | D:4      | 3071 ||| INVOKING Spit Poison.
  3076 | D:4      | HP: 14/57 [gnoll/+0 spear (1)]
  3077 | D:4      | 3077 ||| INVOKING Spit Poison.
  3077 | D:4      | Slain by Edmund

Levels and vault maps discovered:
D:1:      sevenhm_arrival_forest_fort_large_4, layout_loops_ring,
          dreamdust_ecumenical_altar_drowned_temple
D:2:      layout_loops_corners, kennysheep_another_room
D:3:      minmay_recursive_quarters, layout_basic, serial_forest,
          infiniplex_forest_clump_tiny, infiniplex_forest_end_3,
          infiniplex_forest_clump_curved, infiniplex_forest_end_1,
          infiniplex_forest_end_3, infiniplex_forest_zigzag_1,
          infiniplex_forest_clump_medium
D:4:      cheibrodos_quashed, layout_rooms, trog_three_pillars_becter,
          serial_bayou_pond_a, uniq_edmund

Skill      XL: |  1  2  3  4  5  6 |
---------------+-------------------+-----
Ranged Weapons | 4 5 6 |  6.2
Fighting       | 3 4 |  4.0
Dodging        | |  1.5
Stealth        | |  1.5

Action                     |  1- 3 |  4- 6 || total
---------------------------+-------+-------++-------
   Fire: Shortbow          |    55 |   126 ||   181
Ability: Spit Poison       |    30 |    41 ||    71
    Use: Scroll            |     2 |     4 ||     6
         Potion            |     1 |       ||     1
 Armour: Leather armour    |     3 |    38 ||    41
  Dodge: Dodged            |     7 |    47 ||    54

Table legend:
 A = Non-vault XP
 B = Vault XP
 C = Vault XP percentage of total XP
 D = Non-vault monster count
 E = Vault monster count
 F = Vault count percentage of total count
                 A         B        C        D         E       F
            +---------+---------+-------+---------+---------+-------
      Total |     467 |      35 |   7.0 |      68 |      12 |  15.0
            +---------+---------+-------+---------+---------+-------
        D:1 |      35 |       1 |   2.8 |      23 |       1 |   4.2
        D:2 |      77 |       0 |   0.0 |      16 |       0 |   0.0
        D:3 |     110 |      34 |  23.6 |      16 |      11 |  40.7
        D:4 |     245 |       0 |   0.0 |      13 |       0 |   0.0
            +---------+---------+-------+---------+---------+-------
